 Dungeon Crawl Stone Soup version 0.31-a0-177-g4aa6249778 (webtiles) character file.

Game seed: 13631166314752459721

152 qw the Chopper (level 5, 0/32 HPs)
             Began as a Gargoyle Fighter on June 18, 2023.
             Slain by an orc
             ... wielding a +0 trident
              (1 damage)
             ... on level 3 of the Dungeon.
             The game lasted 00:01:04 (1952 turns).

qw the Chopper (Gargoyle Fighter)                   Turns: 1952, Time: 00:01:05

Health: 0/32       AC: 12    Str: 22    XL:     5   Next: 34%
Magic:  5/5        EV:  9    Int:  8    God:
Gold:   156        SH:  4    Dex:  9    Spells: 4/4 levels left

rFire   . . .        Y - +0 war axe
rCold   . . .        c - +0 buckler
rNeg    + . .        b - +0 scale mail
rPois   inf          (no helmet)
rElec   +            (no cloak)
rCorr   .            (no gloves)
SInv    .            h - +0 pair of boots
Will    .....        (no amulet) Stlth
                     (no ring)
HPRegen 0.25/turn    (no ring)
MPRegen 0.09/turn

%: no passive effects
@: about to teleport
A: sickness immunity, AC +4, negative energy resistance 1, electricity
resistance, torment resistance 1, petrification resistance
a: no special abilities


You were on level 3 of the Dungeon.
You visited 1 branch of the dungeon, and saw 3 of its levels.

You collected 156 gold pieces.


Innate Abilities, Weirdness & Mutations

You are immune to sickness and miasma.
Your stone body is resilient. (AC +4)
You are immune to poison.
You resist negative energy. (rN+)
You are resistant to electric shocks. (rElec)
You are resistant to unholy torment.
You are immune to petrification.


   Skills:
 - Level 3.2 Fighting
 + Level 4.9 Axes
 - Level 3.2 Armour
 - Level 3.2 Shields


You had 4 spell levels left.
You didn't know any spells.
Your spell library was empty.

Inventory:

Hand Weapons
 m - a +0 flail of holy wrath
 Y - a +0 war axe (weapon)
Armour
 b - a +0 scale mail (worn)
 c - a +0 buckler (worn)
 h - a +0 pair of boots (worn)
Scrolls
 e - a scroll of teleportation
 f - 2 scrolls of identify
 j - a scroll of enchant weapon {unknown}
 n - a scroll of poison {unknown}
Potions
 a - 2 potions of heal wounds
 d - a potion of might
 g - 2 potions of resistance {unknown}
 i - a potion of mutation {unknown}
 k - a potion of curing {unknown}
 l - a potion of degeneration {unknown}

Dungeon Overview and Level Annotations

Branches:
Dungeon (3/15)

Altars:


Message History

The frilled lizard bites you.
You slash the orc priest!
The orc priest is almost dead.
You closely miss the frilled lizard. You closely miss the bat.
The bat hits you but does no damage.
The orc hits you from afar with a +0 trident.
The orc priest hits you but does no damage.
You block the frilled lizard's attack. The bat hits you but does no damage.
You hit the orc priest.
You kill the orc priest!
You barely miss the frilled lizard. You closely miss the bat. You hit the bat.
You block the bat's attack. The bat hits you. You block the bat's attack.
The orc misses you. The frilled lizard barely misses you.
You hit the goblin.
You kill the goblin!
You completely miss the frilled lizard. The bat hits you but does no damage.
The bat closely misses you. The frilled lizard barely misses you.
The orc barely misses you. The orc hits you but does no damage.
You block the frilled lizard's attack.
You slash the kobold!
You kill the kobold!
You hit the frilled lizard.
You kill the frilled lizard!
The bat hits you but does no damage. x2; The orc barely misses you.
You completely miss the orc. The bat closely misses you.
The bat barely misses you. The orc barely misses you.
The orc closely misses you. The bat barely misses you.
You barely miss the bat. You closely miss the orc. The bat barely misses you.
You block the bat's attack.
The orc hits you with a +4 short sword of draining.
The orc hits you but does no damage. The bat hits you but does no damage.
The orc hits you with a +4 short sword of draining.
The orc hits you from afar with a +0 trident.
1952 ||| READING 2 scrolls of teleportation.
As you read the scroll of teleportation, it crumbles to dust.
You feel strangely unstable. You block the bat's attack.
You block the orc's attack.
The orc hits you from afar with a +0 trident.
You die...

#.....##....%
#........)..#
#...........#
#..%........#
###.(.......#
#......)..# ##..........
..###########..........#
......o@...........###.#
.....o)bb..........#
..............######
..............# #
..############# # . # #
# #


You could see 2 orcs and 2 bats.

Vanquished Creatures
  An orc priest (D:3)
  Terence (D:2)
  Natasha (D:2)
  2 adders
  A worm (D:2)
  2 dart slugs (D:2)
  6 ball pythons
  3 giant cockroaches
  3 goblins
  6 hobgoblins
  2 jackals (D:3)
  4 quokkas
  A bat (D:1)
  5 frilled lizards
  8 kobolds
  5 rats
51 creatures vanquished.

Notes
Turn   | Place    | Note
-------+----------+-------------------------------------------
     0 | D:1      | qw the Gargoyle Fighter began the quest for the Orb.
     0 | D:1      | Reached XP level 1. HP: 14/14 MP: 1/1
     0 | D:1      | 0 ||| qw: Version: 0.3-a-7-ge0c9b40
     0 | D:1      | 0 ||| qw: Game counter: 725
     0 | D:1      | 0 ||| qw: Always use a shield: true
     0 | D:1      | 0 ||| qw: God list: Okawaru
     0 | D:1      | 0 ||| qw: Allow faded altars: false
     0 | D:1      | 0 ||| qw: Do Orc after D:15 true
     0 | D:1      | 0 ||| qw: Do second Lair branch before Depths: true
     0 | D:1      | 0 ||| qw: Lair rune preference: random
     0 | D:1      | 0 ||| qw: Plans: Normal, Zot:1-4, Slime:5, God:TSO, Crypt,
                  | Tomb, Abyss, Pan, Hells, Win
     0 | D:1      | 0 ||| PLANNING D:1-11
    62 | D:1      | Reached skill level 2 in Axes
   141 | D:1      | Reached XP level 2. HP: 19/19 MP: 2/2
   225 | D:1      | 225 ||| Stepping ~*~*~tactically~*~*~ (hiding).
   226 | D:1      | 226 ||| Stepping ~*~*~tactically~*~*~ (hiding).
   486 | D:1      | 486 ||| Stepping ~*~*~tactically~*~*~ (stealth).
   487 | D:1      | 487 ||| Stepping ~*~*~tactically~*~*~ (stealth).
   775 | D:1      | 775 ||| DROPPING +0 club.
   776 | D:1      | 776 ||| UPGRADING to +0 pair of boots.
   781 | D:1      | 781 ||| READING scroll labelled BIUTOI INIOCH.
   782 | D:1      | 782 ||| READING 2 scrolls labelled RACOKA GOECU.
   783 | D:1      | 783 ||| READING scroll labelled ZIUJI RAYCWO.
   883 | D:2      | Reached skill level 3 in Axes
   883 | D:2      | Reached XP level 3. HP: 22/23 MP: 3/3
   908 | D:2      | Found a faded altar of an unknown god.
   928 | D:2      | Identified the +0 spear of Jiraota {freeze, rElec}
  1116 | D:2      | 1116 ||| Stepping ~*~*~tactically~*~*~ (hiding).
  1410 | D:2      | Noticed Terence
  1422 | D:2      | Killed Terence
  1423 | D:2      | Reached skill level 4 in Axes
  1423 | D:2      | Reached XP level 4. HP: 28/28 MP: 4/4
  1425 | D:2      | 1425 ||| DROPPING +0 mace.
  1629 | D:2      | 1629 ||| READING scroll labelled QADAUHONE.
  1632 | D:2      | 1632 ||| READING scroll labelled ZUL ULORIUKOIMING.
  1633 | D:2      | 1633 ||| READING scroll labelled KELEUKLIRCH.
  1634 | D:2      | 1634 ||| READING 2 scrolls of identify.
  1634 | D:2      | 1634 ||| IDENTIFYING fuming white potion
  1669 | D:3      | Noticed Natasha
  1671 | D:3      | 1671 ||| STAIRDANCE
  1679 | D:2      | Killed Natasha
  1863 | D:3      | Reached XP level 5. HP: 32/32 MP: 5/5
  1951 | D:3      | HP: 6/32 [orc/+4 short sword of draining (5)]
  1951 | D:3      | HP: 2/32 [orc/+4 short sword of draining (4)]
  1952 | D:3      | 1952 ||| READING 2 scrolls of teleportation.
  1952 | D:3      | Slain by an orc

Levels and vault maps discovered:
D:1:      dpeg_arrival_tiny_k, layout_basic
D:2:      layout_basic, basic_ecumenical_altar, uniq_terence
D:3:      cheibrodos_old_hovel, layout_basic, chequers_mini_garden, uniq_natasha

Skill      XL: |  1  2  3 |
---------------+----------+-----
Axes           | 2 3 4 |  4.9
Fighting       | |  3.2
Armour         | |  3.2
Shields        | |  3.2

Action                     |  1- 3 |  4- 6 || total
---------------------------+-------+-------++-------
  Melee: War axe           |   115 |    52 ||   167
    Use: Scroll            |     3 |     5 ||     8
 Armour: Scale mail        |    56 |    44 ||   100
  Dodge: Dodged            |    50 |    41 ||    91
  Block: Buckler           |    21 |    15 ||    36

Table legend:
 A = Non-vault XP
 B = Vault XP
 C = Vault XP percentage of total XP
 D = Non-vault monster count
 E = Vault monster count
 F = Vault count percentage of total count
                 A         B        C        D         E       F
            +---------+---------+-------+---------+---------+-------
      Total |     147 |      71 |  32.6 |      48 |       3 |   5.9
            +---------+---------+-------+---------+---------+-------
        D:1 |      26 |       0 |   0.0 |      17 |       0 |   0.0
        D:2 |      45 |      69 |  60.5 |      15 |       2 |  11.8
        D:3 |      76 |       2 |   2.6 |      16 |       1 |   5.9
            +---------+---------+-------+---------+---------+-------
